 Dungeon Crawl Stone Soup version 0.27.0-1-g7a089689b8 (webtiles) character file.

Game seed: 10274468863641395366

261 gimp the Chopper (level 6, -9/76 HPs)
             Began as a Barachi Chaos Knight on Aug 2, 2021.
             Was a Plaything of Xom.
             Mangled by a gnoll (10 damage)
             ... on level 3 of the Dungeon.
             The game lasted 00:04:05 (2220 turns).

gimp the Chopper (Barachi Chaos Knight)             Turns: 2220, Time: 00:04:06

Health: -9/76      AC:  5    Str: 15    XL:     6   Next: 18%
Magic:  6/6        EV: 11    Int: 13    God:    Xom [.*....]
Gold:   64         SH:  0    Dex: 11    Spells: 5/5 levels left

rFire    . . .     SeeInvis .   b - +0 hand axe (chaos)
rCold    . . .     Faith    .   (no shield)
rNeg     . . .     Spirit   .   f - +2 leather armour
rPois    .         Reflect  .   (no helmet)
rElec    .         Harm     .   (no cloak)
rCorr    .         Rampage  .   (no gloves)
Will     .....                  (no boots)
Stlth    ..........             (no amulet)
HPRegen  0.22/turn              (no ring)
MPRegen  0.10/turn              (no ring)

@: mighty, berserking, unable to hop, very quick
A: amphibious, slowness 1, strong legs 1, +LOS
a: Hop, Renounce Religion


You were on level 3 of the Dungeon.
You worshipped Xom.
You were a plaything of Xom.
You visited 1 branch of the dungeon, and saw 3 of its levels.

You collected 64 gold pieces.

Inventory:

Hand Weapons
 a - a +0 hand axe
 b - a +0 hand axe of chaos (weapon)
Missiles
 i - 17 poisoned darts
Armour
 f - a +2 leather armour (worn)
Scrolls
 c - 2 scrolls of identify {unknown}
 d - a scroll of enchant weapon {unknown}
 h - a scroll of amnesia {unknown}
 j - a scroll of acquirement {unknown}
Potions
 e - a potion of flight {unknown}
 g - 2 potions of curing {unknown}
 k - a potion of berserk rage
 l - 2 potions of might
 m - a potion of mutation {unknown}


   Skills:
 + Level 5.5 Fighting
 * Level 6.3 Axes
 - Level 2.4 Armour
 - Level 1.1 Dodging


You had 5 spell levels left.
You didn't know any spells.
Your spell library contained the following spells:

 Spells                   Type           Power      Damage    Failure   Level
 Conjure Flame            Conj/Fire      0%         6-21      75%         3
 Ignite Poison            Fire/Tmut/Pois 0%         N/A       75%         3
 Sticky Flame             Conj/Fire      0%         2d3       98%         4


Dungeon Overview and Level Annotations

Branches:
Dungeon (3/15)

Altars:
Xom


Innate Abilities, Weirdness & Mutations

You are amphibious.
You cover ground slowly.
You can hop short distances.
You have an extended range of vision and can be seen from far away.


Message History

You hit the gnoll.
The gnoll seems to grow stronger.
Xom is highly amused!
The gnoll is severely wounded.
The gnoll hits you with a +0 spear.
The gnoll hits you from afar with a +0 spear.
You take 10 damage, and have 26/51 hp.
You hit the gnoll.
The gnoll is almost dead.
The gnoll hits you with a +0 spear! The gnoll hits you but does no damage.
You take 9 damage, and have 17/51 hp.
You are too injured to fight recklessly!
You barely miss the gnoll.
The gnoll is almost dead.
The gnoll hits you with a +0 spear!
* * * LOW HITPOINT WARNING * * *
You take 8 damage, and have 9/51 hp.
You closely miss the gnoll.
The gnoll is almost dead.
The gnoll barely misses you. The gnoll hits you with a +0 spear!
* * * LOW HITPOINT WARNING * * *
You take 7 damage, and have 2/51 hp.
Hop to where?
Press: ? - help, Dir - move target Boing!
You aren't carrying any items that you can evoke.
Unknown command.
It was a potion of might.
You feel very mighty all of a sudden.
It was a potion of berserk rage.
A red film seems to cover your vision as you go berserk!
You feel yourself moving faster!
You feel mighty!
You now have 5/76 hp.
You feel a strong urge to attack something.
The gnoll hits you with a +0 spear.
* * * LOW HITPOINT WARNING * * *
You take 4 damage, and have 1/76 hp.
You slash the gnoll! You burn the gnoll.
You kill the gnoll!
The gnoll hits you from afar with a +0 spear!
You die...

#........####...
..#####..........
#).######### . #.## #..
###.# ##..# #.g.# ...#.
##.### .###...#####.g####
###### ..............g)@##
#....#
......##...#####..####....#
...#..>#.....####.........#
.........###..#######.....#
....#..### ##...# ##....# .
#...## ###.#### #)...#
#...#..# #....###....#
##..##.# ####.##.....# #..
#^#### #....#####


You could see 2 gnolls.

Vanquished Creatures
  Sigmund (D:2)
  A gnoll (D:3)
  3 adders (D:2)
  6 ball pythons
  2 endoplasms (D:1)
  5 giant cockroaches
  9 goblins
  4 hobgoblins
  8 kobolds
  4 quokkas
  4 bats
  3 frilled lizards
  5 rats
55 creatures vanquished.

Vanquished Creatures (collateral kills)
  Jessica (D:2)
  An endoplasm (D:2)
  A kobold (D:2)
3 creatures vanquished.

Grand Total: 58 creatures vanquished

Notes
Turn   | Place    | Note
-------+----------+-------------------------------------------
     0 | D:1      | gimp the Barachi Chaos Knight began the quest for the Orb.
     0 | D:1      | Reached XP level 1. HP: 18/18 MP: 1/1
   178 | D:1      | Reached XP level 2. HP: 24/25 MP: 2/2
   371 | D:1      | XOM: silly message
   452 | D:1      | Reached skill level 4 in Axes
   578 | D:1      | Reached XP level 3. HP: 29/30 MP: 3/3
   938 | D:1      | Found a shimmering altar of Xom.
  1329 | D:2      | Noticed Jessica
  1350 | D:2      | Reached XP level 4. HP: 12/38 MP: 4/4
  1351 | D:2      | Killed Jessica
  1706 | D:2      | Reached skill level 5 in Axes
  1880 | D:2      | Noticed Sigmund
  1890 | D:2      | Killed Sigmund
  1891 | D:2      | Reached skill level 5 in Fighting
  1891 | D:2      | Reached skill level 6 in Axes
  1891 | D:2      | Reached XP level 5. HP: 42/44 MP: 5/5
  1891 | D:2      | Reached XP level 6. HP: 48/51 MP: 6/6
  2214 | D:3      | HP: 2/51 [gnoll (7)]
  2219 | D:3      | HP: 1/76 [gnoll (4)]
  2220 | D:3      | Mangled by a gnoll

Illustrated notes

Levels and vault maps discovered:
D:1:      dpeg_arrival_lava_altar, layout_basic, minmay_domino_4
D:2:      minmay_angry_zag, layout_loops_cross, uniq_sigmund, uniq_jessica
D:3:      layout_rooms

Skill      XL: |  1  2  3  4 |
---------------+-------------+-----
Fighting       | 4 5 |  5.5
Axes           | 4 6 |  6.3
Armour         | |  2.4
Dodging        | |  1.1

Action                   |  1- 3 |  4- 6 || total
-------------------------+-------+-------++-------
Melee: Hand axe          |   106 |    62 ||   168
 Abil: Hop               |       |     1 ||     1
  Use: Potion            |       |     2 ||     2
Armor: Leather armour    |    46 |    25 ||    71
Dodge: Dodged            |    52 |    47 ||    99
